[Event "Titled Tuesday Blitz June 21 Late 2022"]
[White "Martinez Alcantara, Jose Eduardo"]
[Black "Roman, Rodrigo"]
[WhiteFideId "3805662"]
[BlackFideId "3701220"]
[WhiteElo "2914"]
[BlackElo "2452"]
[Result "1-0"]
[Round "05"]
[TimeControl "180+1"]
[Date "2022.06.22"]
[WhiteClock "0:01:36"]
[BlackClock "0:00:07"]

1. e4 c5 2. Nf3 d6 3. Bb5+ Nd7 4. O-O a6 5. Bxd7+ Bxd7 6. c3 Nf6 7. Re1 g6 8. d4 cxd4 9. cxd4 Bg7 10. e5 dxe5 11. dxe5 Ng8 12. Nc3 Nh6 13. h3 O-O 14. Bg5 f6 15. exf6 exf6 16. Qb3+ Nf7 17. Bf4 Bc6 18. Rad1 Qa5 19. Nd4 g5 20. Bg3 f5 21. Bd6 Rfe8 22. Bb4 Qb6 23. Nxf5 Bf8 24. Bxf8 Qxb3 25. axb3 Kxf8 26. Nd4 Bd7 27. Nd5 Rxe1+ 28. Rxe1 Nd6 29. Nf6 Bb5 30. Nxh7+ Kg7 31. Nxg5 Nf7 32. Nxf7 Kxf7 33. Nxb5 axb5 34. Re5 Ra2 35. Rxb5 Rxb2 36. Rxb7+ Kf6 37. g3 Rc2 38. Kg2 Kf5 39. Rb4 Rb2 40. h4 Kf6 41. Rb5 Ke6 42. h5 Kf6 43. g4 Rc2 44. Kg3 Rc3+ 45. f3 Rc1 46. g5+ Kg7 47. Rb7+ Kg8 48. h6 Rg1+ 49. Kf4 Rh1 50. Kf5 Rh3 51. Kg6 Kf8 52. h7 1-0


[Site "https://www.chess.com"]

[Event "Titled Tuesday Blitz June 21 Late 2022"]
[White "Martinez Reyes, Pedro Ramon"]
[Black "Sturt, Raven"]
[WhiteFideId "3901807"]
[BlackFideId "2007304"]
[WhiteElo "2410"]
[BlackElo "2398"]
[Result "1-0"]
[Round "05"]
[TimeControl "180+1"]
[Date "2022.06.22"]
[WhiteClock "0:00:46"]
[BlackClock "0:00:08"]

1. b3 d5 2. Bb2 Bf5 3. Nf3 e6 4. e3 Nf6 5. Be2 h6 6. O-O Nbd7 7. d3 Bd6 8. Nbd2 Bh7 9. Re1 O-O 10. Bf1 Qe7 11. a3 Rfd8 12. e4 dxe4 13. dxe4 Bf4 14. Qe2 Nc5 15. e5 Nd5 16. Nc4 h5 17. Nd4 h4 18. Qg4 Qg5 19. Qf3 Qh6 20. g3 Bg5 21. Rad1 a6 22. b4 Na4 23. Ba1 c5 24. bxc5 Nxc5 25. Nd6 Rd7 26. c4 Nb6 27. Nb3 Nba4 28. Nxc5 Nxc5 29. Bd4 Rc8 30. Be3 Rcc7 31. Qg4 Bxe3 32. Rxe3 hxg3 33. Rxg3 Kf8 34. Rh3 Qg6 35. Qxg6 Bxg6 36. Rh8+ Ke7 37. Re8# 1-0


[Site "https://www.chess.com"]

[Event "Titled Tuesday Blitz June 21 Late 2022"]
[White "Mei, Austin"]
[Black "Przybylski, Wojciech"]
[WhiteFideId "30948479"]
[BlackFideId "1117599"]
[WhiteElo "1936"]
[BlackElo "2133"]
[Result "1-0"]
[Round "05"]
[TimeControl "180+1"]
[Date "2022.06.22"]
[WhiteClock "0:00:17"]
[BlackClock "0:00:03"]

1. e4 e5 2. f4 d5 3. exd5 exf4 4. Nf3 Nf6 5. Bb5+ c6 6. dxc6 bxc6 7. Be2 Bd6 8. d4 O-O 9. O-O Re8 10. c4 Nbd7 11. Nc3 Nf8 12. Ne5 c5 13. Nb5 cxd4 14. Nxd6 Qxd6 15. Nd3 g5 16. c5 Qe7 17. Bf3 Rb8 18. b4 Bf5 19. Re1 Qc7 20. Rxe8 Rxe8 21. Bb2 Ne6 22. Nf2 h5 23. Bxd4 Rd8 24. Bxf6 Rxd1+ 25. Rxd1 g4 26. Bd5 g3 27. Ne4 Bg4 28. Rd2 gxh2+ 29. Kxh2 f3+ 30. Nd6 fxg2 31. Bxg2 Nf4 32. Be4 Ng6 33. Bd5 Be6 34. Be4 Kh7 35. Rg2 h4 36. Rg5 Kg8 37. Rh5 Bg4 38. Rh6 Bd7 39. Bxg6 fxg6 40. Rh8# 1-0


[Site "https://www.chess.com"]

[Event "Titled Tuesday Blitz June 21 Late 2022"]
[White "Melaugh, Shane"]
[Black "Luo, Terry"]
[WhiteFideId "2509580"]
[BlackFideId "30931045"]
[WhiteElo "1972"]
[BlackElo "2024"]
[Result "1-0"]
[Round "05"]
[TimeControl "180+1"]
[Date "2022.06.22"]
[WhiteClock "0:02:00"]
[BlackClock "0:01:56"]

1. c4 Nf6 2. Nc3 e6 3. e4 d5 4. cxd5 exd5 5. e5 Nfd7 6. d4 c5 7. dxc5 Nxe5 8. Qxd5 Qxd5 9. Nxd5 Kd8 10. Bf4 Be6 11. O-O-O Nbd7 12. Bxe5 Nxe5 13. Nb6+ 1-0


[Site "https://www.chess.com"]

[Event "Titled Tuesday Blitz June 21 Late 2022"]
[White "Melikhov, Evgeny V."]
[Black "Sorensen, Hampus"]
[WhiteFideId "4122046"]
[BlackFideId "8703884"]
[WhiteElo "1904"]
[BlackElo "2262"]
[Result "0-1"]
[Round "05"]
[TimeControl "180+1"]
[Date "2022.06.22"]
[WhiteClock "0:00:08"]
[BlackClock "0:00:05"]

1. d4 Nf6 2. c4 g6 3. Nc3 d5 4. Nf3 Bg7 5. e3 O-O 6. Be2 c5 7. O-O cxd4 8. exd4 Nc6 9. Re1 dxc4 10. Bxc4 Bg4 11. d5 Na5 12. Bf1 Rc8 13. h3 Bd7 14. Bf4 Nc4 15. b3 Nd6 16. Rc1 Re8 17. Bxd6 exd6 18. Nb5 Rxc1 19. Qxc1 Rxe1 20. Qxe1 Qb6 21. Nc3 Qa5 22. a4 Nxd5 23. Nxd5 Qxd5 24. Bc4 Qf5 25. Qe7 d5 26. Bb5 Bxb5 27. axb5 Qc8 28. Ng5 Qc1+ 29. Kh2 Qf4+ 30. Kg1 Be5 31. g3 Qf6 32. Qe8+ Kg7 33. h4 h6 34. Nh3 Qe6 35. Qxe6 fxe6 36. Kg2 Kf6 37. Kf3 Ke7 38. Ng1 Kd6 39. Ne2 Kc5 40. Ke3 Kxb5 41. f4 Bh8 42. g4 Kb4 43. h5 gxh5 44. gxh5 a5 45. Ng3 Bg7 46. f5 exf5 47. Nxf5 Bf8 48. Kd4 Kxb3 49. Kxd5 a4 50. Ke6 a3 51. Kf7 a2 52. Kxf8 a1=Q 53. Nxh6 Qf6+ 54. Nf7 Kc2 55. h6 Qg6 56. Ke7 b5 57. Ne5 Qxh6 0-1


[Site "https://www.chess.com"]

[Event "Titled Tuesday Blitz June 21 Late 2022"]
[White "Melikyan, Gnel"]
[Black "Richter, Nils"]
[WhiteFideId "54109990"]
[BlackFideId "12990809"]
[WhiteElo "2645"]
[BlackElo "2522"]
[Result "0-1"]
[Round "05"]
[TimeControl "180+1"]
[Date "2022.06.22"]
[WhiteClock "0:00:04"]
[BlackClock "0:00:54"]

1. e4 e5 2. Nc3 Nf6 3. Nf3 Nc6 4. Bc4 Nxe4 5. Nxe4 d5 6. Bxd5 Qxd5 7. Nc3 Qd8 8. O-O Bd6 9. Re1 O-O 10. h3 Re8 11. d3 Bd7 12. Bg5 Be7 13. Bxe7 Qxe7 14. d4 Qb4 15. Nd5 Qd6 16. dxe5 Nxe5 17. Nxe5 Rxe5 18. Rxe5 Qxe5 19. c3 Bc6 20. Ne3 h6 21. Qd3 Re8 22. Rd1 Qg5 23. g3 Qh5 24. Kh2 Qf3 25. Qd2 Kh7 26. Rg1 Re7 27. Qd3+ Be4 28. Qd2 Re6 29. Ng2 Rf6 30. Qe1 Bc6 31. Nf4 g5 32. Qe7 gxf4 0-1


[Site "https://www.chess.com"]

[Event "Titled Tuesday Blitz June 21 Late 2022"]
[White "Mikhailov, Viacheslav"]
[Black "Bluebaum, Matthias"]
[WhiteFideId "4187369"]
[BlackFideId "24651516"]
[WhiteElo "2381"]
[BlackElo "2556"]
[Result "0-1"]
[Round "05"]
[TimeControl "180+1"]
[Date "2022.06.21"]
[WhiteClock "0:00:02"]
[BlackClock "0:01:44"]

1. Nf3 d5 2. g3 b6 3. Bg2 Bb7 4. O-O e6 5. c4 dxc4 6. Qc2 Nf6 7. Qxc4 a6 8. d3 Nbd7 9. Nc3 Be7 10. Bf4 c5 11. a4 O-O 12. Rfc1 Nd5 13. Bd2 N7f6 14. Nxd5 Bxd5 15. Qc2 Rc8 16. Bc3 Qd7 17. Rd1 Rfd8 18. Ne5 Qc7 19. e4 Bb7 20. Nc4 Nd7 21. b3 Bf6 22. Bxf6 Nxf6 23. a5 b5 24. Nb6 Rb8 25. Rac1 Nd7 26. Nxd7 Rxd7 27. Qxc5 Qxa5 28. d4 Qd8 29. d5 exd5 30. exd5 h6 31. d6 Bxg2 32. Kxg2 Rb6 33. Qf5 g6 34. Qh3 Kg7 35. Rd3 Rbxd6 36. Rf3 Qa8 37. Qg4 Rf6 38. Qe4 Qxe4 0-1


[Site "https://www.chess.com"]

[Event "Titled Tuesday Blitz June 21 Late 2022"]
[White "Navarrete Mendez, Gonzalo Alberto"]
[Black "Avazkhonov, Alikhon"]
[WhiteFideId "5106850"]
[BlackFideId "14208504"]
[WhiteElo "2261"]
[BlackElo "1739"]
[Result "1-0"]
[Round "05"]
[TimeControl "180+1"]
[Date "2022.06.22"]
[WhiteClock "0:02:31"]
[BlackClock "0:00:02"]

1. e4 c5 2. Nf3 d6 3. Nc3 Nf6 4. Bc4 e6 5. d4 cxd4 6. Nxd4 a6 7. Bb3 Be7 8. g4 O-O 9. g5 Nfd7 10. Rg1 b5 11. Rg3 Nc5 12. Qh5 e5 13. Nf5 g6 14. Qh6 Bxf5 15. exf5 1-0


[Site "https://www.chess.com"]

[Event "Titled Tuesday Blitz June 21 Late 2022"]
[White "Nilsson, Joakim"]
[Black "Fiorito, Fabian"]
[WhiteFideId "1723383"]
[BlackFideId "100200"]
[WhiteElo "2210"]
[BlackElo "2395"]
[Result "1-0"]
[Round "05"]
[TimeControl "180+1"]
[Date "2022.06.22"]
[WhiteClock "0:02:35"]
[BlackClock "0:00:12"]

1. d4 Nf6 2. c4 b6 3. Nc3 Bb7 4. Nf3 g6 5. h4 h5 6. Bg5 Bg7 7. Qc2 d6 8. e3 Nbd7 9. O-O-O a6 10. Bd3 c5 11. d5 Qc7 12. Bxg6 fxg6 13. Qxg6+ Kf8 14. Bf4 Nh7 15. Ne4 Ne5 16. Bxe5 dxe5 17. Nfg5 Nxg5 18. Nxg5 Kg8 19. Qf7# 1-0


[Site "https://www.chess.com"]

[Event "Titled Tuesday Blitz June 21 Late 2022"]
[White "Oro, Luis"]
[Black "Gubajdullin, Alexei"]
[WhiteFideId "104094"]
[BlackFideId "4141202"]
[WhiteElo "2380"]
[BlackElo "2280"]
[Result "0-1"]
[Round "05"]
[TimeControl "180+1"]
[Date "2022.06.22"]
[WhiteClock "0:00:01"]
[BlackClock "0:00:19"]

1. e4 g6 2. d4 Bg7 3. Nc3 d6 4. f4 c6 5. Nf3 Qb6 6. Be2 Bg4 7. e5 Nh6 8. Ne4 Nf5 9. c3 d5 10. Nf2 Bxf3 11. Bxf3 h5 12. O-O e6 13. Nd3 Nd7 14. b4 Nxd4 15. Kh1 Nxf3 16. Qxf3 O-O 17. Be3 Qc7 18. g4 hxg4 19. Qxg4 b6 20. h4 c5 21. h5 Qc6 22. Rf3 d4 23. cxd4 cxd4 24. Bf2 Rfd8 25. Kg2 Nf8 26. Rh1 Qe4 27. Qh4 gxh5 28. Rh3 Ng6 29. Qxh5 Kf8 30. Rg3 Qxd3 31. f5 exf5 32. Rxg6 Qe4 33. Rg5 f4 34. Rf5 Rd7 35. Rxf4 Qd5 36. Bh4 Rc8 37. Qh7 Qxe5 38. Rf5 Rc2+ 0-1


[Site "https://www.chess.com"]

[Event "Titled Tuesday Blitz June 21 Late 2022"]
[White "Paravyan, David"]
[Black "Rustemov, Alexander"]
[WhiteFideId "4194985"]
[BlackFideId "4119002"]
[WhiteElo "2569"]
[BlackElo "2733"]
[Result "1-0"]
[Round "05"]
[TimeControl "180+1"]
[Date "2022.06.21"]
[WhiteClock "0:01:11"]
[BlackClock "0:00:14"]

1. e4 e6 2. d4 d5 3. Nc3 dxe4 4. Nxe4 Bd7 5. Nf3 Bc6 6. Bd3 Nd7 7. c3 Ngf6 8. Nxf6+ Nxf6 9. O-O Bxf3 10. Qxf3 Qd5 11. Qxd5 Nxd5 12. Be4 c6 13. g3 Be7 14. Kg2 h5 15. h4 Rd8 16. Re1 g6 17. a4 a5 18. Bd2 Kf8 19. Rad1 Kg7 20. Bc2 Rd7 21. Bc1 Rhd8 22. Kf3 b5 23. axb5 cxb5 24. Bd3 Rb7 25. Bd2 a4 26. Ra1 Rc8 27. Reb1 a3 28. Be4 axb2 29. Rxb2 Rb6 30. Bxd5 exd5 31. Ra5 Rcb8 32. Bf4 R8b7 33. Rb3 f6 34. Ke2 Kf7 35. Kd3 Ke6 36. Bc1 b4 37. cxb4 Bxb4 38. Ra8 Bd6 39. Rxb6 Rxb6 40. Be3 Rb3+ 41. Ke2 Rb2+ 42. Kf3 Kf5 43. Ra5 Ke6 44. Ra6 Kd7 45. Ra8 Rb7 46. Rg8 Ke6 47. Rxg6 Rh7 48. Rg8 Kf7 49. Rd8 Ke6 50. Ra8 Be7 51. Ra6+ Kd7 52. Kf4 Bd6+ 53. Kf5 Re7 54. Ra7+ Ke8 55. Rxe7+ Kxe7 56. Kg6 Ke6 57. Kxh5 Kf7 58. Kg4 Ke6 59. h5 Be7 60. h6 f5+ 61. Kh5 Kf7 62. f3 Bf6 63. g4 1-0


[Site "https://www.chess.com"]

[Event "Titled Tuesday Blitz June 21 Late 2022"]
[White "Petrovic, Aleksa"]
[Black "Domingo Nunez, Ruben"]
[WhiteFideId "967629"]
[BlackFideId "22245570"]
[WhiteElo "2479"]
[BlackElo "2602"]
[Result "1-0"]
[Round "05"]
[TimeControl "180+1"]
[Date "2022.06.22"]
[WhiteClock "0:00:12"]
[BlackClock "0:00:58"]

1. d4 g6 2. c4 Bg7 3. e4 d6 4. Nc3 Nd7 5. Be2 e5 6. Nf3 Ne7 7. O-O O-O 8. Be3 exd4 9. Bxd4 Ne5 10. Nxe5 dxe5 11. Bc5 Qe8 12. Nd5 Nxd5 13. cxd5 Qd8 14. Bxf8 Bxf8 15. Bg4 Bc5 16. Rc1 Bd4 17. Bxc8 Rxc8 18. Qb3 Rb8 19. Kh1 Qd6 20. Rc4 Kg7 21. f4 c6 22. fxe5 Bxe5 23. dxc6 bxc6 24. Qf3 Qe6 25. b3 Rd8 26. Rd1 Re8 27. Rdc1 Rc8 28. Qf2 Qd6 29. Qc5 Qf6 30. Qxa7 Rd8 31. Qg1 Rd2 32. Rf1 Qd6 33. h3 Rxa2 34. Qe3 Rd2 35. Qf3 Bf6 36. Rcc1 Rd3 37. Qf4 Qxf4 38. Rxf4 Bg5 39. Rff1 Bxc1 40. Rxc1 Rxb3 41. Rxc6 Re3 42. Rc4 Kf6 43. Kh2 Ke5 44. Rc7 Rxe4 45. Rxf7 h5 46. Rg7 Kf6 47. Ra7 h4 48. Ra6+ Kg5 49. Ra5+ Kh6 50. Ra6 Rb4 51. Ra5 Rb6 52. Rc5 g5 53. Rd5 Rc6 54. Rb5 Rf6 55. Rb8 Kg6 56. Rg8+ Kf5 57. Ra8 Re6 58. Ra5+ Kg6 59. Ra8 Kh5 60. Rh8+ Kg6 61. Rg8+ Kf7 62. Ra8 Re5 63. Ra7+ Kf6 64. Ra6+ Kf5 65. Ra8 Kf4 66. Rf8+ Ke3 67. Rf3+ Ke4 68. Kg1 Rd5 69. Kf2 Rd2+ 70. Kg1 Ra2 71. Rf6 Ra5 72. Rf8 Ke3 73. Re8+ Kf4 74. Rf8+ Ke4 75. Re8+ Kd4 76. Kf2 Rf5+ 77. Ke2 Kd5 78. Re3 Rf4 79. Rf3 Re4+ 80. Kf2 Kd4 81. Rf5 Re5 82. Rf6 Ke4 83. Rf3 Ra5 84. Re3+ Kd4 85. Re6 Rf5+ 86. Ke2 Kd5 87. Re8 Rf7 88. Rd8+ Ke4 89. Rg8 Kf4 90. Ra8 Kg3 91. Ra5 Rf2+ 92. Ke3 Rxg2 93. Rxg5+ Kxh3 94. Rh5 Kg3 95. Rg5+ Kh2 96. Rh5 h3 97. Kf3 Rg3+ 98. Kf2 Rg7 99. Kf1 Rf7+ 100. Ke2 Rf4 101. Rg5 Kh1 102. Rg6 Rf5 103. Rg7 Rf8 104. Rg6 Rf7 105. Rg5 Rf4 106. Rg6 Re4+ 107. Kf3 Ra4 108. Kf2 Ra2+ 109. Kf1 Rg2 110. Rh6 Kh2 111. Rh5 Rg1+ 112. Kf2 Ra1 113. Rh6 Ra2+ 114. Kf1 Ra4 115. Rh5 Kg3 116. Rg5+ Kf3 117. Rf5+ Kg4 118. Rf8 Kg3 119. Rg8+ Kh4 120. Kg1 Ra2 121. Kh1 Rb2 122. Rh8+ Kg3 123. Rg8+ Kf4 124. Rf8+ Ke5 125. Re8+ Kf5 126. Rf8+ Kg4 127. Rg8+ Kf3 128. Rf8+ Ke3 129. Re8+ Kd3 130. Rh8 Rb1+ 131. Kh2 Rb2+ 132. Kxh3 Rb1 133. Rh4 Ke3 134. Rg4 Rh1+ 135. Kg3 Rh8 136. Rg5 Rf8 137. Kg4 Rf1 138. Kh5 Kf4 139. Rg4+ Kf5 140. Rg5+ Kf6 141. Rg6+ Kf7 142. Rg5 Rh1+ 143. Kg4 Rg1+ 144. Kf5 Rb1 145. Kg4 Rb4+ 146. Kf5 Rd4 147. Rg4 Rd5+ 148. Ke4 Ra5 149. Rf4+ Ke6 150. Rf3 Ra4+ 151. Ke3 Kd5 152. Rf5+ Ke6 153. Rb5 Rh4 154. Kf3 Kd6 155. Kg3 Rc4 156. Rh5 Ke6 157. Kf3 Rc8 158. Ke3 Rg8 159. Kd3 Rg3+ 160. Ke4 Kf6 161. Rh6+ Kg7 162. Ra6 Rg4+ 163. Kf5 Rh4 164. Kg5 Rb4 165. Ra7+ Kf8 166. Kf6 Rb6+ 167. Kf5 Ke8 168. Rh7 Rc6 169. Ra7 Kd8 170. Rh7 Rc7 171. Rh8+ Kd7 172. Rh4 Kc6 173. Ke6 Kb7 174. Rb4+ Kc8 175. Kd6 Rd7+ 176. Ke6 Rd1 177. Rc4+ Kd8 178. Rh4 Re1+ 179. Kd6 Re8 180. Ra4 Kc8 181. Ra8+ Kb7 182. Rxe8 1-0


[Site "https://www.chess.com"]

[Event "Titled Tuesday Blitz June 21 Late 2022"]
[White "Pinheiro, Iung Alicio de O."]
[Black "Mikhalsky, Vladimir"]
[WhiteFideId "2104350"]
[BlackFideId "14144352"]
[WhiteElo "2283"]
[BlackElo "2301"]
[Result "1-0"]
[Round "05"]
[TimeControl "180+1"]
[Date "2022.06.22"]
[WhiteClock "0:00:14"]
[BlackClock "0:00:05"]

1. e4 g6 2. d4 Bg7 3. Nc3 d6 4. Be3 Nf6 5. Qd2 Ng4 6. Bg5 h6 7. Bh4 Nc6 8. Nf3 a6 9. Bc4 b5 10. Bd5 Bb7 11. a3 Nf6 12. O-O g5 13. Bg3 Nxd5 14. exd5 Na5 15. b3 c6 16. h4 g4 17. Nh2 h5 18. Rfe1 cxd5 19. Qg5 Bf8 20. Nxd5 Bxd5 21. Qxd5 e6 22. Re2 Be7 23. Qe4 Rc8 24. Rae1 d5 25. Qd3 Rh6 26. f3 Rg6 27. fxg4 hxg4 28. h5 Rg8 29. h6 Kd7 30. h7 Rg6 31. a4 Qb6 32. axb5 axb5 33. Be5 Bf6 34. Bxf6 Rxf6 35. Nxg4 Rf5 36. Qxf5 exf5 37. Re7+ Kd6 38. Ne5 Qxd4+ 39. Kf1 Qf4+ 40. Nf3 Rxc2 41. h8=Q Nxb3 42. Qb8+ Kc5 43. Qxf4 1-0


[Site "https://www.chess.com"]

[Event "Titled Tuesday Blitz June 21 Late 2022"]
[White "Postnikov, Daniil"]
[Black "Nazari, Arad"]
[WhiteFideId "4166329"]
[BlackFideId "12577324"]
[WhiteElo "2525"]
[BlackElo "2694"]
[Result "1-0"]
[Round "05"]
[TimeControl "180+1"]
[Date "2022.06.22"]
[WhiteClock "0:00:14"]
[BlackClock "0:00:04"]

1. e4 c5 2. Nf3 d6 3. Bb5+ Nd7 4. d4 cxd4 5. Qxd4 a6 6. Bxd7+ Bxd7 7. c4 Rc8 8. Nc3 h6 9. O-O e5 10. Qd3 Nf6 11. a4 Be7 12. b3 O-O 13. Ba3 Be6 14. Rfd1 Qb6 15. Nxe5 Qxb3 16. Rdb1 Qxa3 17. Rxa3 dxe5 18. Nd5 Bxa3 19. Nxf6+ gxf6 20. Qg3+ Kh7 21. Qxa3 Rg8 22. Rxb7 Rxc4 23. h3 Rxe4 24. Qd3 f5 25. Qxa6 Re1+ 26. Kh2 Bd5 27. f3 Bxb7 28. Qxb7 Rg7 29. Qd7 Re2 30. Qxf5+ Kh8 31. Qc8+ Rg8 32. Qc5 Rexg2+ 33. Kh1 f6 34. Qc1 Kh7 35. a5 R2g7 36. a6 Ra7 37. Qb1+ Kg7 38. Qg1+ Kh8 39. Qxa7 1-0


[Site "https://www.chess.com"]

[Event "Titled Tuesday Blitz June 21 Late 2022"]
[White "Pulpan, Jakub"]
[Black "Swiercz, Dariusz"]
[WhiteFideId "302759"]
[BlackFideId "1126881"]
[WhiteElo "2495"]
[BlackElo "2627"]
[Result "1/2-1/2"]
[Round "05"]
[TimeControl "180+1"]
[Date "2022.06.21"]
[WhiteClock "0:00:07"]
[BlackClock "0:00:08"]

1. Nf3 Nf6 2. b3 b6 3. Bb2 Bb7 4. g3 g6 5. Bg2 Bg7 6. O-O O-O 7. c4 c5 8. Nc3 d6 9. d4 cxd4 10. Qxd4 Nbd7 11. Rfd1 Rc8 12. Rac1 a6 13. h3 Rc5 14. Qf4 Qa8 15. g4 h6 16. Na4 Rc7 17. Bxf6 Nxf6 18. Nxb6 Qa7 19. Na4 Rfc8 20. Ne1 Bc6 21. Bxc6 Rxc6 22. Nd3 Qb7 23. Qf3 Qb8 24. Nc3 e6 25. Ne4 Nxe4 26. Qxe4 a5 27. Nf4 d5 28. Qe3 dxc4 29. bxc4 Rxc4 30. Rxc4 Rxc4 31. Nxe6 Kh7 32. Nxg7 Kxg7 33. Qf3 Qc7 34. Kg2 Rc2 35. a3 Rc3 36. Rd3 Rc4 37. Qd5 a4 38. Rd4 Rc5 39. Qe4 Re5 40. Qf3 Qe7 41. Rxa4 Rxe2 42. Rf4 Rc2 43. Qd3 Rc1 44. Qd4+ Kh7 45. Qf6 Qxf6 46. Rxf6 Kg7 47. Rf3 Ra1 48. Re3 Kf6 49. Kg3 Ra2 50. h4 g5 51. hxg5+ hxg5 52. Kf3 Kg6 53. Rb3 Kf6 54. Ke3 Ke6 55. f3 Ke5 56. Rb5+ Ke6 57. Rb3 Ke5 58. Kd3 Kf4 59. Kc4 f5 60. gxf5 Kxf5 61. Kb5 Kf4 62. a4 Rh2 63. a5 Rh3 64. Rb4+ Ke3 65. Rg4 Rh5 66. a6 Kxf3 67. a7 Kxg4 68. a8=Q Rh3 69. Kc4 Rf3 70. Kd4 Rf4+ 71. Ke5 Kg3 72. Qa3+ Kg4 73. Qe3 Rf3 74. Qg1+ Kh4 75. Qh1+ Kg4 76. Qg2+ Rg3 77. Qf2 Rf3 78. Qg2+ Rg3 79. Qh2 Rf3 80. Ke4 Rf4+ 81. Ke3 Rf3+ 82. Ke2 Rf4 83. Qg2+ Kh4 84. Qd5 Kh5 85. Ke3 Kg6 86. Qe6+ Kh5 87. Qd7 Kg6 88. Ke2 Kh6 89. Qh3+ Kg6 90. Qd3+ Kf6 91. Qh7 Rh4 92. Qg8 Rf4 93. Ke3 Kf5 94. Qh7+ Kf6 95. Qd3 Rh4 96. Kf2 Rf4+ 97. Kg3 Rh4 98. Qd6+ Kf5 99. Qf8+ Kg6 100. Qg8+ Kf6 101. Qc8 Kg6 102. Qf8 Rf4 103. Qe8+ Kf6 104. Kg2 Rh4 105. Qf8+ Kg6 106. Kg3 Rf4 107. Qe8+ Kf6 108. Qb5 Kg6 109. Qe5 Rh4 110. Kf3 Rf4+ 111. Ke3 Kh6 112. Qe8 Kg7 113. Qh5 Kf6 114. Qh6+ Kf5 115. Qd6 Kg4 116. Qh6 Kf5 117. Qh5 Rh4 118. Qf7+ 1/2-1/2


[Site "https://www.chess.com"]

[Event "Titled Tuesday Blitz June 21 Late 2022"]
[White "Quirke, Jeffrey"]
[Black "Jovic, Stanoje"]
[WhiteFideId "2013029"]
[BlackFideId "905020"]
[WhiteElo "2193"]
[BlackElo "2286"]
[Result "0-1"]
[Round "05"]
[TimeControl "180+1"]
[Date "2022.06.22"]
[WhiteClock "0:01:44"]
[BlackClock "0:02:36"]

1. e4 c6 2. c4 d5 3. cxd5 cxd5 4. exd5 Nf6 5. Qa4+ Nbd7 6. Bc4 g6 7. d3 Bg7 8. Nc3 O-O 9. Nf3 a6 10. O-O b5 11. Qa3 bxc4 12. dxc4 Nb6 13. b3 Nfxd5 0-1


[Site "https://www.chess.com"]

[Event "Titled Tuesday Blitz June 21 Late 2022"]
[White "Rama, Tejas"]
[Black "Omariev, Maksim"]
[WhiteFideId "30907381"]
[BlackFideId "4193423"]
[WhiteElo "1430"]
[BlackElo "2486"]
[Result "1-0"]
[Round "05"]
[TimeControl "180+1"]
[Date "2022.06.22"]
[WhiteClock "0:00:10"]
[BlackClock "0:00:04"]

1. d4 d5 2. c4 e6 3. Nf3 Nf6 4. Nc3 Be7 5. Bf4 O-O 6. e3 a6 7. c5 Nh5 8. Bd3 Nxf4 9. exf4 b6 10. b4 a5 11. a3 c6 12. h4 Nd7 13. cxb6 axb4 14. axb4 Rxa1 15. Qxa1 Bxb4 16. O-O Qxb6 17. Rb1 Qa5 18. Qxa5 Bxa5 19. Na4 Bc7 20. g3 Bd6 21. Ne5 Nb8 22. Nb6 Ba6 23. Bxa6 Bxe5 24. fxe5 Nxa6 25. Nd7 Rd8 26. Rb6 Nc7 27. Nb8 h5 28. Nxc6 Ra8 29. Rb7 Na6 30. Kg2 Kf8 31. Rb6 Nc7 32. Nb8 Ra4 33. Rc6 Nb5 34. Nd7+ Ke7 35. Nc5 Rxd4 36. Rb6 Rc4 37. Rxb5 d4 38. Nb3 d3 39. Nd2 Rc2 40. Ne4 Rc4 41. Kf3 f5 42. exf6+ gxf6 43. Rb7+ Kd8 44. Rb1 f5 45. Nd2 Rc2 46. Rd1 e5 47. Ke3 e4 48. f3 f4+ 49. gxf4 exf3 50. Nxf3 Re2+ 51. Kxd3 Rf2 52. Ke4+ Ke7 53. f5 Re2+ 54. Kf4 Rg2 55. Rd4 Rg4+ 56. Ke5 Rg3 57. Rf4 Rh3 58. f6+ Kf7 59. Kf5 Kf8 60. Ne5 Ra3 61. Rd4 Ke8 62. f7+ Ke7 63. Rd7+ Kf8 64. Rd8+ Ke7 65. f8=Q# 1-0


[Site "https://www.chess.com"]

[Event "Titled Tuesday Blitz June 21 Late 2022"]
[White "Remolar Gallen, Jose"]
[Black "Jiganchine, Roman"]
[WhiteFideId "2215187"]
[BlackFideId "2603667"]
[WhiteElo "2205"]
[BlackElo "2205"]
[Result "0-1"]
[Round "05"]
[TimeControl "180+1"]
[Date "2022.06.22"]
[WhiteClock "0:00:01"]
[BlackClock "0:00:05"]

1. e4 c6 2. d4 d5 3. e5 Bf5 4. Nf3 e6 5. c3 Nd7 6. Qb3 Qb6 7. Be3 h6 8. Nbd2 Bh7 9. Be2 Ne7 10. O-O Nf5 11. c4 Qxb3 12. axb3 Bb4 13. Rfc1 O-O 14. Ra4 a5 15. cxd5 exd5 16. Nf1 Rfe8 17. Bd2 Bxd2 18. N1xd2 Nb6 19. Raa1 a4 20. bxa4 Nxa4 21. b3 Nb6 22. Nf1 Nd7 23. Ng3 Nxg3 24. hxg3 Nf8 25. Ra4 Ne6 26. Rca1 Rxa4 27. Rxa4 Bc2 28. Ra7 Rb8 29. b4 Be4 30. b5 Bxf3 31. Bxf3 Nxd4 32. bxc6 bxc6 33. Bg4 g6 34. Rc7 Rb6 35. Rc8+ Kg7 36. Bd7 Rb1+ 37. Kh2 Rc1 38. Rc7 Kf8 39. Bc8 c5 40. Bb7 c4 41. Bxd5 c3 42. Rxf7+ Ke8 43. Rc7 c2 44. Be4 Kd8 45. Rc4 Ne2 46. Rxc2 Rxc2 47. Bxc2 g5 48. Bg6 Ke7 49. Kh3 Ke6 50. Kg4 Kxe5 51. Kh5 Kf6 52. Kxh6 Nd4 53. Bd3 Ne6 54. g4 Nf4 55. Be4 Ne6 56. g3 Nc5 57. Bd5 Nd3 58. f3 Ne5 59. Be4 Nf7+ 60. Kh7 Ne5 61. Kg8 Nf7 62. Kf8 Nd6 63. Bd5 Nb5 64. Bc6 Nd4 65. Be4 Ne2 0-1


[Site "https://www.chess.com"]

[Event "Titled Tuesday Blitz June 21 Late 2022"]
[White "Ricaurte Lopez, Juan Carlos"]
[Black "Nathan, Nitish"]
[WhiteFideId "3600327"]
[BlackFideId "30927870"]
[WhiteElo "2209"]
[BlackElo "2248"]
[Result "1-0"]
[Round "05"]
[TimeControl "180+1"]
[Date "2022.06.22"]
[WhiteClock "0:00:08"]
[BlackClock "0:00:48"]

1. e4 c5 2. Nf3 Nc6 3. d4 cxd4 4. Nxd4 e5 5. Nb5 d6 6. N1c3 a6 7. Na3 Be7 8. Be3 Nf6 9. Nd5 Nxd5 10. exd5 Nb8 11. Bd3 O-O 12. O-O f5 13. f4 e4 14. Be2 Bf6 15. Rb1 Nd7 16. c4 b6 17. Nc2 a5 18. Nd4 Nc5 19. b3 Bd7 20. a3 Qc7 21. b4 axb4 22. axb4 Na4 23. Qb3 Ra7 24. Rfc1 Rb8 25. Nb5 Bxb5 26. cxb5 Nc3 27. Bf1 Qd7 28. Rxc3 Bxc3 29. Qxc3 Rc7 30. Qd4 Qc8 31. g4 fxg4 32. Qxe4 Rc2 33. Qe6+ Qxe6 34. dxe6 Rc3 35. Re1 d5 36. f5 Rb3 37. Bg2 Rxb4 38. Bxd5 Rxb5 39. Bf4 Rc8 40. e7+ Rxd5 41. e8=Q+ Rxe8 42. Rxe8+ Kf7 43. Rb8 Rxf5 44. Be3 b5 45. Rb7+ Kg8 46. Bd4 Rg5 47. Kg2 h5 48. Kg3 Kh7 49. Kh4 Kh6 50. Be3 1-0


[Site "https://www.chess.com"]

[Event "Titled Tuesday Blitz June 21 Late 2022"]
[White "Roberson, Peter T"]
[Black "Daggupati, Balaji"]
[WhiteFideId "412384"]
[BlackFideId "2090759"]
[WhiteElo "2525"]
[BlackElo "2675"]
[Result "1-0"]
[Round "05"]
[TimeControl "180+1"]
[Date "2022.06.22"]
[WhiteClock "0:00:19"]
[BlackClock "0:00:14"]

1. e4 c5 2. Nf3 e6 3. d3 d5 4. Nbd2 Nc6 5. g3 g6 6. Bg2 Bg7 7. O-O Nge7 8. Re1 O-O 9. c3 b6 10. e5 d4 11. c4 Bb7 12. Nf1 Qc7 13. Bf4 h6 14. h4 Nf5 15. N1h2 h5 16. a3 a6 17. Qd2 b5 18. Rac1 bxc4 19. Rxc4 Na5 20. Rc2 Qb6 21. g4 hxg4 22. Nxg4 Rfd8 23. Bg5 Rdc8 24. Bf6 c4 25. Bxg7 Kxg7 26. h5 Rh8 27. hxg6 fxg6 28. dxc4 Rh5 29. Nf6 Bxf3 30. Nxh5+ Bxh5 31. Bxa8 Nb3 32. Qg5 d3 33. Rc3 d2 34. Rf1 Nbd4 35. Rd3 d1=Q 36. Rfxd1 Bxd1 37. Rxd1 Qb8 38. Qf6+ Kh7 39. Rd3 Ne2+ 40. Kf1 Nf4 41. Rd7+ Kh6 42. Rd8 1-0


[Site "https://www.chess.com"]